 Dungeon Crawl Stone Soup version 0.32-a0-872-g59262bdc9b (webtiles) character file.

Game seed: 2170262283386029663

15 601d51SH the Ruffian (level 2, 0/23 HPs)
             Began as a Gnoll Shapeshifter on Mar 31, 2024.
             Succumbed to a kobold's poison
             ... on level 1 of the Dungeon.
             The game lasted 00:02:02 (489 turns).

601d51SH the Ruffian (Gnoll Shapeshifter)            Turns: 489, Time: 00:02:02

Health: 0/23       AC:  2    Str: 13    XL:     2   Next: 50%
Magic:  2/2        EV: 12    Int:  9    God:
Gold:   54         SH:  0    Dex: 11    Spells: 1/2 levels left

rFire   . . .        i - +0 trident
rCold   . . .        (no shield)
rNeg    . . .        a - +0 animal skin
rPois   .            (helmet currently unavailable)
rElec   .            (cloak currently unavailable)
rCorr   .            (gloves currently unavailable)
SInv    .            (boots currently unavailable)
Will    .....        (no amulet)
Stlth   +            (no ring)
HPRegen 0.23/turn    (no ring)
MPRegen 0.08/turn

%: no passive effects
@: lethally poisoned (0 -> -2), beast-form
A: beast (slay +3), fangs 1, strong nose, distributed training
a: Begin Untransformation


You were on level 1 of the Dungeon.
You were a hulking beast.
You visited 1 branch of the dungeon, and saw 1 of its levels.

You collected 54 gold pieces.

Inventory:

Hand Weapons
 e - a +0 dagger
 i - a +0 trident (weapon)
Armour
 a - a +0 animal skin (worn)
Talismans
 c - a beast talisman (active)
 d - a flux talisman
Potions
 b - a potion of lignification
 f - 2 potions of curing {unknown}
 g - 3 potions of enlightenment {unknown}
 h - a potion of mutation {unknown}


   Skills:
 + Level 2.5 Fighting
 + Level 0.5 Short Blades
 + Level 0.5 Long Blades
 + Level 0.5 Axes
 + Level 0.5 Maces & Flails
 + Level 0.5 Polearms
 + Level 0.5 Staves
 + Level 0.5 Ranged Weapons
 + Level 0.5 Throwing
 + Level 0.5 Armour
 + Level 4.5 Dodging
 + Level 0.5 Stealth
 + Level 0.5 Shields
 + Level 6.5 Unarmed Combat
 + Level 0.5 Spellcasting
 + Level 0.3 Conjurations
 + Level 0.3 Hexes
 + Level 0.3 Summonings
 + Level 0.3 Necromancy
 + Level 0.3 Translocations
 + Level 0.3 Fire Magic
 + Level 0.3 Ice Magic
 + Level 0.3 Air Magic
 + Level 0.3 Earth Magic
 + Level 0.3 Alchemy
 + Level 0.6 Invocations
 + Level 0.5 Evocations
 + Level 6.4 Shapeshifting


You had one spell level left.
You knew the following spells:

 Your Spells              Type           Power      Damage    Failure   Level
a - Magic Dart            Conj           0%         1d3       34%         1

Your spell library contained the following spells:

 Spells                   Type           Power      Damage    Failure   Level
 Blink                    Tloc           0%         N/A       45%         2
 Call Imp                 Summ           0%         N/A       45%         2


Dungeon Overview and Level Annotations

Branches:
Dungeon (1/15)

Altars:


Innate Abilities, Weirdness & Mutations

You are a hulking beast.
Your limbs bulge with bestial killing power. (Slay +3)
You have very sharp teeth.
Your uncanny sense of smell can sniff out nearby items.
Your experience applies equally to all skills.


Message History

You barely miss the goblin. The goblin barely misses you.
You barely miss the goblin. The goblin barely misses you.
A kobold comes into view.
It is wielding a +2 short sword of venom.
You hit the goblin.
You kill the goblin!
The rat bites you but does no damage.
Things that are here:
a +0 club; a goblin corpse You barely miss the rat.
You bite the rat, but do no damage. The rat bites you. x2
You barely miss the rat. You bite the rat.
The rat is moderately wounded.
The rat misses you.
You hit the rat.
You kill the rat!
The kobold throws a stone.
The stone hits you. The kobold barely misses you.
You see here a rat corpse.
You closely miss the kobold. The kobold misses you.
The kobold hits you with a +2 short sword of venom.
You closely miss the kobold. The kobold hits you but does no damage.
You are poisoned.
You barely miss the kobold.
You feel very sick. The kobold misses you.
You barely miss the kobold.
You feel very sick. The kobold completely misses you.
You closely miss the kobold.
You feel sick.
The kobold hits you with a +2 short sword of venom.
* * * LOW HITPOINT WARNING * * *
The kobold hits you with a +2 short sword of venom.
* * * LOW HITPOINT WARNING * * *
You closely miss the kobold. Your bite misses the kobold.
* * * LOW HITPOINT WARNING * * *
You feel sick. The kobold misses you.
You puncture the kobold!
You kill the kobold!
* * * LOW HITPOINT WARNING * * *
You feel sick.
You die...

....#.# #...#.#
. ...#.## ..
.^...## ..
..... #. ...
#..##.##
#....h.#
###.###†## ∆
.......)#
###.###.#
#.###.##
#......#
#####.$# #..#
#######).####.#


There were no monsters in sight!

Vanquished Creatures
  A ball python (D:1)
  A giant cockroach (D:1)
  3 goblins (D:1)
  A hobgoblin (D:1)
  A kobold (D:1)
  2 quokkas (D:1)
  2 frilled lizards (D:1)
  2 rats (D:1)
13 creatures vanquished.

Notes
Turn   | Place    | Note
-------+----------+-------------------------------------------
     0 | D:1      | 601d51SH the Gnoll Shapeshifter began the quest for the
                  | Orb.
     0 | D:1      | Reached XP level 1. HP: 17/17 MP: 1/1
   104 | D:1      | Reached XP level 2. HP: 3/23 MP: 2/2
   378 | D:1      | Learned a level 1 spell: Magic Dart
   487 | D:1      | HP: 1/23 [poisoned by a kobold]
   489 | D:1      | Succumbed to a kobold's poison

Illustrated notes

Levels and vault maps discovered:
D:1:      lightli_iron_boxes, layout_loops_ring

Action                     || total
---------------------------++-------
  Melee: Dagger            ||    28
         Bite              ||     3
         Trident           ||    14
   Stab: Sleeping          ||     1
 Armour: Animal skin       ||    23
  Dodge: Dodged            ||    24

Table legend: (Time is in decaauts)
 A = Elapsed time spent in this place.
 B = Non-inter-level travel time spent in this place.
 C = Inter-level travel time spent in this place.
 D = Time resting spent in this place.
 E = Time spent auto-exploring this place.
 F = Levels seen in this place.
 G = Mean time per level.
                   A        B        C        D        E       F      G
               +--------+--------+--------+--------+--------+-----+--------+
         Total |    491 |    491 |      0 |     84 |    253 |   1 |  491.0 |
       Dungeon |    491 |    491 |      0 |     84 |    253 |   1 |  491.0 |
               +--------+--------+--------+--------+--------+-----+--------+

Top non-repeatable levels by time:
     D:1: 491 daAuts
